 Dungeon Crawl Stone Soup version 0.30-a0-760-g5a9884bb7c (webtiles) character file.

Game seed: 14458056999141684279

59 mopl the Sneak (level 4, -8/23 HPs)
             Began as a Vine Stalker Brigand on Feb 10, 2023.
             Killed by divine providence
             ... invoked by an orc priest
              (14 damage)
             ... on level 1 of the Dungeon.
             The game lasted 00:01:27 (948 turns).

mopl the Sneak (Vine Stalker Brigand)                Turns: 948, Time: 00:01:28

Health: -8/23      AC:  3    Str: 14    XL:     4   Next: 3%
Magic:  0/5        EV: 11    Int: 11    God:
Gold:   42         SH:  0    Dex: 17    Spells: 3/3 levels left

rFire   . . .      SeeInvis .    a - +1 dagger (vamp)
rCold   . . .      Faith    .    (no shield)
rNeg    + . .      Spirit   +    b - +0 robe
rPois   .          Reflect  .    (no helmet)
rElec   .          Harm     .    c - +0 cloak
rCorr   .          Rampage  .    (no gloves)
Will    .....                    (no boots)
Stlth   +++                      (no amulet)
HPRegen 1.03/turn                j - ring of positive energy
MPRegen 0.09/turn                (no ring)

@: no status effects
A: fangs 2, regeneration 1, magic shield, antimagic bite, no potion heal 2
a: no special abilities


You were on level 1 of the Dungeon.
You visited 1 branch of the dungeon, and saw 2 of its levels.

You collected 42 gold pieces.

Inventory:

Hand Weapons
 a - a +1 vampiric dagger (weapon)
 k - a +0 whip of electrocution
 q - a +2 dagger
Missiles
 d - 9 poisoned darts (quivered)
 e - 3 curare-tipped darts
Armour
 b - a +0 robe (worn)
 c - a +0 cloak (worn)
Jewellery
 j - a ring of positive energy (left hand)
Scrolls
 g - a scroll of vulnerability {unknown}
 i - a scroll of poison {unknown}
 l - 4 scrolls of identify {unknown}
 m - a scroll of amnesia {unknown}
 n - a scroll of enchant armour {unknown}
 p - 2 scrolls of teleportation {unknown}
 r - a scroll of torment {unknown}
Potions
 f - 2 potions of attraction {unknown}
 h - 3 potions of heal wounds {unknown}
 o - 2 potions of might {unknown}


   Skills:
 + Level 2.3 Fighting
 + Level 2.4 Short Blades
 + Level 2.4 Throwing
 - Level 0.7 Dodging
 + Level 5.4 Stealth


You had 3 spell levels left.
You didn't know any spells.
Your spell library contained the following spells:

 Spells                   Type           Power      Damage    Failure   Level
 Ozocubu's Armour         Ice            0%         N/A       71%         3
 Ozocubu's Refrigeration  Ice            0%         4d7       100%        7


Dungeon Overview and Level Annotations

Branches:
Dungeon (2/15)

Altars:


Innate Abilities, Weirdness & Mutations

You have extremely sharp teeth.
Your natural rate of healing is unusually fast.
When hurt, damage is shared between your health and your magic reserves.
Your bite disrupts and absorbs the magic of your enemies.
Potions cannot restore your health.


Message History

The orc is severely wounded.
The orc hits you with a +0 dagger.
You closely miss the orc. You bite the orc.
You kill the orc!
No target in view!
No target in view!
No target in view!
Magic restored.
You climb downwards.
The orc wizard casts a spell.
The orc wizard flickers and vanishes!
Deactivating autopickup; reactivate with Ctrl-A.
The orc priest mumbles some strange prayers to Beogh against you.
You struggle to resist.
There is a stone staircase leading up here.
The orc priest calls upon Beogh to heal the orc priest.
The orc priest's wounds heal themselves!
You climb upwards.
Reactivating autopickup.
There is a stone staircase leading down here.
You hit the orc priest but do no damage.
You bite the orc priest, but do no damage.
The orc priest hits you with a +0 dagger.
The orc priest hits you with a +0 falchion!
You hit the orc priest but do no damage.
You bite the orc priest, but do no damage.
The orc priest calls down the wrath of Beogh upon you.
Beogh smites you!
The orc priest hits you with a +0 falchion.
* * * LOW HITPOINT WARNING * * *
You are too injured to fight recklessly!
You are too injured to fight recklessly!
You are too injured to fight recklessly!
You are too injured to fight recklessly!
You hit the orc priest but do no damage.
Your bite misses the orc priest.
The orc priest invokes the aid of Beogh against you.
Beogh smites you!
Ouch! That really hurt!
You die...

................###.....#........
................##......#......##
#####.............♣#♣#♣.#......##
# #.............#.....#......## #
##.)##........♣.♣#♣##......## #
##.##..####..#..# #......## #
##..##..# ##+#♣.♣####......## #
##...##..# #o.................
##....##..# #.@................
#..♣..##..# #..o...............
##....'...# #...........####...
##...#.#.# #...........# #...
##..#.#.####'###'#########...
##.#.#.#..#.# #.......).'...
#.#.#.#..#.#############...
#.#...#..#........# #...
#.#.........#####.# ####


You could see 2 orc priests.

Vanquished Creatures
  An adder (D:2)
  4 dart slugs
  2 orcs (D:1)
  3 ball pythons
  2 bats
  3 endoplasms (D:1)
  3 giant cockroaches
  5 goblins
  3 hobgoblins
  4 quokkas
  3 kobolds
  3 rats
36 creatures vanquished.

Notes
Turn   | Place    | Note
-------+----------+-------------------------------------------
     0 | D:1      | mopl the Vine Stalker Brigand began the quest for the Orb.
     0 | D:1      | Reached XP level 1. HP: 11/11 MP: 2/2
    79 | D:1      | Reached skill level 2 in Fighting
    79 | D:1      | Reached skill level 2 in Short Blades
    79 | D:1      | Reached skill level 2 in Throwing
    79 | D:1      | Reached skill level 5 in Stealth
    79 | D:1      | Reached XP level 2. HP: 15/15 MP: 1/3
   363 | D:1      | Reached XP level 3. HP: 18/18 MP: 4/4
   931 | D:1      | Gained mutation: Your natural rate of healing is unusually
                  | fast. [Vine Stalker growth]
   931 | D:1      | Reached XP level 4. HP: 23/23 MP: 3/5
   948 | D:1      | Killed from afar by an orc priest

Illustrated notes

Levels and vault maps discovered:
D:1:      amcnicky_arrival_feature_with_door, layout_basic, serial_forest,
          infiniplex_forest_lined_corner, infiniplex_forest_clump_small,
          infiniplex_forest_straight_2, infiniplex_forest_clump_tiny,
          infiniplex_forest_clump_cross, infiniplex_forest_end_double,
          infiniplex_forest_straight_2
D:2:      cheibrodos_pilgrimage, layout_loops_cross, serial_shops, shop,
          shapermc_ecumenical_altar_petra, minmay_indecisive_spiral

Skill      XL: |  1 |
---------------+----+-----
Fighting       | 2 |  2.3
Short Blades   | 2 |  2.4
Throwing       | 2 |  2.4
Stealth        | 5 |  5.4
Dodging        | |  0.7

Action                     |  1- 3 |  4- 6 || total
---------------------------+-------+-------++-------
  Melee: Dagger            |    96 |     6 ||   102
         Bite              |    26 |     4 ||    30
   Stab: Sleeping          |    11 |       ||    11
         Distracted        |     1 |       ||     1
 Armour: Robe              |    25 |       ||    25
  Dodge: Dodged            |    43 |     2 ||    45

Table legend: (Time is in decaauts)
 A = Elapsed time spent in this place.
 B = Non-inter-level travel time spent in this place.
 C = Inter-level travel time spent in this place.
 D = Time resting spent in this place.
 E = Time spent auto-exploring this place.
 F = Levels seen in this place.
 G = Mean time per level.
                   A        B        C        D        E       F      G
               +--------+--------+--------+--------+--------+-----+--------+
         Total |    938 |    909 |     29 |      0 |    642 |   2 |  469.0 |
       Dungeon |    938 |    909 |     29 |      0 |    642 |   2 |  469.0 |
               +--------+--------+--------+--------+--------+-----+--------+

Top non-repeatable levels by time:
     D:1: 717 daAuts
     D:2: 220 daAuts
